 Dungeon Crawl Stone Soup version 0.21-a0-85-ga0cb861 (webtiles) character file.

16 4thArraOfDagon the Vexing (level 2, -5/19 HPs)
             Began as a Mummy Enchanter on June 25, 2017.
             Slain by an orc
             ... wielding a +0 mace
              (6 damage)
             ... on level 3 of the Dungeon.
             The game lasted 00:02:26 (844 turns).

4thArraOfDagon the Vexing (Mummy Enchanter)          Turns: 844, Time: 00:02:26

Health: -5/19      AC:  3    Str: 11    XL:     2   Next: 37%
Magic:  3/5        EV: 12    Int: 14    God:
Gold:   14         SH:  0    Dex: 12    Spells: 3/6 levels left

rFire    x . .     SeeInvis .   a - +1 dagger
rCold    + . .     Gourm    .   (no shield)
rNeg     + + +     Faith    .   b - +0 robe
rPois    ∞         Spirit   .   (no helmet)
rElec    .         Reflect  .   (no cloak)
rCorr    .         Harm     .   d - +0 pair of gloves
MR       .....                  (no boots)
Stlth    ++........             (no amulet)
HPRegen  0.06/turn              (no ring)
MPRegen  0.09/turn              (no ring)

@: about to teleport
A: no food or potions, fire vulnerability, cold resistance 1, negative energy
resistance 3, torment resistance, unbreathing
a: no special abilities


You were on level 3 of the Dungeon.
You were not hungry.

You visited 1 branch of the dungeon, and saw 3 of its levels.

You collected 14 gold pieces.

Inventory:

Hand Weapons
 a - a +1 dagger (weapon)
Armour
 b - a +0 robe (worn)
 d - a +0 pair of gloves (worn)
Books
 c - a book of Maledictions

   Spells                             Type                      Level
   a - Corona                         Hexes                        1
   b - Ensorcelled Hibernation        Hexes/Ice                    2
   c - Confuse                        Hexes                        3
   d - Tukima's Dance                 Hexes                        3
   e - Dazzling Spray                 Conjuration/Hexes            3


   Skills:
 * Level 2.0 Short Blades
 - Level 1.5 Dodging
 - Level 2.4 Stealth
 - Level 2.6 Spellcasting
 - Level 2.6 Hexes


You had 3 spell levels left.
You knew the following spells:

 Your Spells              Type           Power        Failure   Level  Hunger
a - Corona                Hex            #......      8%          1    N/A
b - Ensorcelled Hibernat  Hex/Ice        #.....       19%         2    N/A

Dungeon Overview and Level Annotations

Branches:
Dungeon (3/15)

Altars:
Uskayaw
Wu Jian

Annotations:
D:3 Sigmund


Innate Abilities, Weirdness & Mutations

You do not eat or drink.
Your flesh is vulnerable to fire.
You are immune to poison.
Your flesh is cold resistant. (rC+)
You are immune to negative energy. (rN+++)
You are immune to unholy pain and torment.
You can survive without breathing.


Message History

Aiming: Ensorcelled Hibernation
Press: ? - help, Shift-Dir - straight line, f/p - orc
Aim: an orc, wielding a falchion and wearing a robe (chance to defeat MR: 54%)
The orc resists with significant effort.
The orc hits you with a mace.
Found a scroll labeled DOAZYVVAANE and a bread ration.
Found a scroll labeled ZAOMEE VINI.
You see here a scroll labeled DOAZYVVAANE.
e - a scroll labeled DOAZYVVAANE The orc hits you with a mace.
* * * LOW HITPOINT WARNING * * *
Unknown command.
The orc hits you with a hand axe.
* * * LOW HITPOINT WARNING * * *
You barely miss the orc.
Unknown command.
As you read the scroll labeled DOAZYVVAANE, it crumbles to dust.
You feel strangely unstable.
It was a scroll of teleportation.
The orc barely misses you. The orc hits you with a mace.
You die...

#.##.# #.#.##.
#####.#.%# # ##
#...oo...#
#.#####..# # #o#
#..####..# #o#
#.....?..# #.#
#o.........
#o#####.######.##
#.@o....#
####.#.## #.#.#
#o#.# #o#.# #.#..
#o### ....... #.#
....or. #<#


You could see 4 orcs.

Vanquished Creatures
  A dart slug (D:1)
  A leopard gecko (D:2)
  2 bats (D:2)
  A giant cockroach (D:2)
  A goblin (D:2)
  2 hobgoblins
  A quokka (D:3)
  A frilled lizard (D:2)
  A kobold (D:2)
  A rat (D:2)
12 creatures vanquished.

Notes
Turn   | Place    | Note
-------+----------+-------------------------------------------
     0 | D:1      | 4thArraOfDagon the Mummy Enchanter began the quest for the Orb.
     0 | D:1      | Reached XP level 1. HP: 13/13 MP: 4/4
    66 | D:1      | Reached skill level 1 in Short Blades
   236 | D:2      | Found an ornate altar of the Wu Jian Council.
   394 | D:3      | Noticed Sigmund
   429 | D:2      | Noticed a dagger
   438 | D:2      | Reached XP level 2. HP: 8/19 MP: 2/5
   482 | D:2      | Learned a level 2 spell: Ensorcelled Hibernation
   545 | D:2      | Noticed a dagger
   553 | D:2      | Found a hide-covered altar of Uskayaw.
   844 | D:3      | Slain by an orc

Vault maps used:
D:1:      dpeg_arrival_water_fire, minmay_pentomino_p4
D:2:      lemuel_round_altar, dancing_weapons_uskayaw
D:3:      first_bread, uniq_sigmund

Skill      XL: |  1  2 |
---------------+-------+-----
Short Blades   | 1 2 |  2.0
Dodging        | |  1.5
Stealth        | |  2.4
Spellcasting   | |  2.6
Hexes          | |  2.6

Action                   || total
-------------------------++-------
Melee: Dagger            ||    34
 Cast: Corona            ||     5
       Ensorcelled Hiber ||     5
  Use: Scroll            ||     1
 Stab: Sleeping          ||     3
Armor: Robe              ||     3
Dodge: Dodged            ||    27
